 Dungeon Crawl Stone Soup version 0.23-a0-767-gdc19b93d68 (webtiles) character file.

67 Adamkad1 the Vexing (level 4, 0/44 HPs)
             Began as an Ogre Arcane Marksman on Jan 26, 2019.
             Slain by a gnoll
             ... wielding a +0 flail
              (6 damage)
             ... on level 2 of the Dungeon.
             The game lasted 00:02:43 (1178 turns).

Adamkad1 the Vexing (Ogre Arcane Marksman)          Turns: 1178, Time: 00:02:44

Health: 0/44       AC:  3    Str: 14    XL:     4   Next: 16%
Magic:  6/6        EV:  5    Int: 15    God:
Gold:   82         SH:  0    Dex:  9    Spells: 5/6 levels left

rFire    . . .     SeeInvis .   (no weapon)
rCold    . . .     Gourm    .   (no shield)
rNeg     . . .     Faith    .   a - +0 robe
rPois    .         Spirit   .   (helmet restricted)
rElec    .         Reflect  .   (no cloak)
rCorr    .         Harm     .   (gloves unavailable)
MR       .....                  (boots unavailable)
Stlth    +.........             (no amulet)
HPRegen  0.14/turn              (no ring)
MPRegen  0.10/turn              (no ring)

@: held
A: large, unfitting armour, tough skin 1
a: no special abilities


You were on level 2 of the Dungeon.
You were not hungry.

You visited 1 branch of the dungeon, and saw 2 of its levels.

You collected 82 gold pieces.

Inventory:

Missiles
 c - 2 large rocks (quivered)
 d - a throwing net
Armour
 a - a +0 robe (worn)
Jewellery
 m - an uncursed ring of protection from cold {unknown}
Wands
 o - a wand of flame (15)
Scrolls
 e - a scroll of identify {unknown}
 g - 2 scrolls of teleportation {unknown}
 h - a scroll of blinking {unknown}
 i - a scroll of immolation {unknown}
 j - a scroll of amnesia {unknown}
Potions
 b - 2 potions of invisibility {unknown}
 k - a potion of heal wounds {unknown}
 l - a potion of curing {unknown}
 p - a potion of ambrosia {unknown}
Comestibles
 f - 4 rations
 n - 3 chunks of flesh


   Skills:
 * Level 2.7 Fighting
 * Level 2.5 Throwing
 + Level 2.1 Dodging
 + Level 0.8 Unarmed Combat
 * Level 1.8 Spellcasting
 * Level 3.1 Hexes


You had 5 spell levels left.
You knew the following spells:

 Your Spells              Type           Power        Failure   Level  Hunger
a - Corona                Hex            ##.....      6%          1    ##.....

Your spell library contained the following spells:

 Spells                   Type           Power        Failure   Level  Hunger
 Slow                     Hex            ##......     10%         2    ###....
 Inner Flame              Hex/Fire       #.......     34%         3    ####...
 Portal Projectile        Hex/Tloc       #.....       34%         3    ####...
 Cause Fear               Hex            ##........   52%         4    #####..
 Leda's Liquefaction      Hex/Erth       #.........   75%         4    #####..


Dungeon Overview and Level Annotations

Branches:
Dungeon (2/15)

Altars:
Ashenzari


Innate Abilities, Weirdness & Mutations

You are too large for most types of armour.
You have tough skin. (AC +1)


Message History

c - 2 large rocks The leopard gecko bites you.
There are no items here.
Unknown command.
The leopard gecko closely misses you. The leopard gecko bites you.
The leopard gecko misses you. The leopard gecko barely misses you.
The gnoll throws a throwing net.
The throwing net hits you.
You become entangled in the net!
You see here a throwing net.
You struggle against the net.
The leopard gecko bites you but does no damage.
You struggle against the net.
The leopard gecko barely misses you. The gnoll hits you with a +0 flail!
* * * LOW HITPOINT WARNING * * *
The gnoll hits you from afar with a +0 spear.
* * * LOW HITPOINT WARNING * * *
You struggle against the net.
The leopard gecko barely misses you. The gnoll hits you but does no damage.
The gnoll hits you with a +0 flail.
You die...

#..# #...................#
######..# #....÷......#.......#
........###.........÷..#.######
..................>....#.#
..#####.###.......#....#.# #
#.# #.##.......#.#.# #..
#.##[......#.#g# ##.
#.##.......#.#.# .
#.##..@g...#.#.#
..#.##...lg..#.#g#
.##....g..#.#.#
#.......#.#.#####
#...............#
#...............#
#...............#
#.................
#######.........###


You could see 3 gnolls and a leopard gecko.

Vanquished Creatures
  Natasha (D:2)
  An adder (D:2)
  An ooze (D:1)
  A dart slug (D:1)
  2 leopard geckos (D:2)
  2 goblins (D:1)
  2 hobgoblins (D:1)
  4 jackals (D:1)
  4 kobolds (D:1)
  A quokka (D:2)
  2 bats (D:2)
  2 frilled lizards (D:1)
  2 rats
25 creatures vanquished.

Notes
Turn   | Place    | Note
-------+----------+-------------------------------------------
     0 | D:1      | Adamkad1 the Ogre Arcane Marksman began the quest for the
                  | Orb.
     0 | D:1      | Reached XP level 1. HP: 19/19 MP: 2/2
   354 | D:1      | Reached XP level 2. HP: 28/28 MP: 4/4
   807 | D:1      | Reached skill level 3 in Hexes
   887 | D:1      | Reached XP level 3. HP: 35/35 MP: 0/5
  1019 | D:2      | Found a shattered altar of Ashenzari.
  1157 | D:2      | Noticed Natasha
  1161 | D:2      | Killed Natasha
  1161 | D:2      | Reached XP level 4. HP: 21/44 MP: 6/6
  1178 | D:2      | Slain by a gnoll

Vault maps used:
D:1:      nzn_arrival_depleted_hourglass
D:2:      ashenzari_altar_1, uniq_natasha

Skill      XL: |  1  2  3 |
---------------+----------+-----
Fighting       | 2 |  2.7
Hexes          | 3 |  3.1
Dodging        | 2 |  2.1
Throwing       | |  2.5
Unarmed Combat | |  0.8
Spellcasting   | |  1.8

Action                   |  1- 3 |  4- 6 || total
-------------------------+-------+-------++-------
Melee: Unarmed           |    87 |       ||    87
Throw: Large rock        |    23 |       ||    23
       Throwing net      |     1 |       ||     1
 Cast: Corona            |    16 |       ||    16
  Eat: Chunk             |     1 |       ||     1
Armor: Robe              |    28 |     3 ||    31
Dodge: Dodged            |    59 |     6 ||    65

Table legend:
 A = Non-vault XP
 B = Vault XP
 C = Vault XP percentage of total XP
 D = Non-vault monster count
 E = Vault monster count
 F = Vault count percentage of total count
                 A         B        C        D         E       F
            +---------+---------+-------+---------+---------+-------
      Total |      61 |      35 |  36.5 |      24 |       1 |   4.0
            +---------+---------+-------+---------+---------+-------
        D:1 |      37 |       0 |   0.0 |      17 |       0 |   0.0
        D:2 |      24 |      35 |  59.3 |       7 |       1 |  12.5
            +---------+---------+-------+---------+---------+-------
